 Dungeon Crawl Stone Soup version 0.20.1-1-g8b1a95d (webtiles) character file.

235 KoningWillie the Shield-Bearer (level 5, -4/47 HPs)
             Began as a Minotaur Fighter on Oct 25, 2017.
             Slain by a gnoll
             ... wielding a +0 spear
              (7 damage)
             ... on level 3 of the Dungeon on Oct 26, 2017.
             The game lasted 00:03:50 (2866 turns).

KoningWillie the Shield-Bearer (Minotaur Fighter)   Turns: 2866, Time: 00:03:51

Health: -4/47      AC:  7    Str: 22    XL:     5   Next: 76%
Magic:  4/4        EV: 13    Int:  5    God:
Gold:   155        SH: 10    Dex: 14    Spells: 4/4 levels left

rFire    . . .     SeeInvis .   a - +0 flail
rCold    . . .     Gourm    .   c - +0 shield
rNeg     . . .     Faith    +   b - +0 scale mail
rPois    .         Spirit   .   (helmet restricted)
rElec    .         Reflect  .   (no cloak)
rCorr    .         Harm     .   (no gloves)
MR       .....                  (no boots)
Stlth    +.........             e - amulet of faith
Regen    0.2/turn               (no ring)
MPRegen  0.1/turn               (no ring)

@: agile, flying
A: retaliatory headbutt, horns 2
a: no special abilities


You were on level 3 of the Dungeon.
You were not hungry.

You visited 1 branch of the dungeon, and saw 3 of its levels.

You collected 155 gold pieces.

Inventory:

Hand Weapons
 a - a +0 flail (weapon)
Armour
 b - a +0 scale mail (worn)
 c - a +0 shield (worn)
 w - a cursed +0 ring mail
Jewellery
 e - an amulet of faith (around neck)
Wands
 q - a wand of flame (3/48)
Scrolls
 g - 2 scrolls of enchant weapon {unknown}
 h - 2 scrolls of remove curse {unknown}
 i - 4 scrolls of identify {unknown}
 m - a scroll of noise {unknown}
 o - a scroll of recharging {unknown}
 r - a scroll of enchant armour {unknown}
 u - a scroll of amnesia {unknown}
Potions
 d - a potion of might
 j - a potion of agility
 l - a potion of mutation {unknown}
 n - a potion of curing {unknown}
 t - a potion of cancellation {unknown}
 v - 2 potions of flight
 x - a potion of haste {unknown}
Books
 s - a book of Changes

   Spells                             Type                      Level
   a - Beastly Appendage              Transmutation                1
   b - Sticks to Snakes               Transmutation                2
   c - Spider Form                    Transmutation/Poison         3
   d - Ice Form                       Ice/Transmutation            4
   e - Blade Hands                    Transmutation                5
Comestibles
 f - a bread ration
 k - 3 meat rations
 p - a royal jelly


   Skills:
 + Level 4.6 Fighting
 + Level 4.3 Maces & Flails
 + Level 4.7 Armour
 + Level 1.3 Dodging
 + Level 0.1 Stealth
 + Level 5.1 Shields


You had 4 spell levels left.
You didn't know any spells.

Dungeon Overview and Level Annotations

Branches:
Dungeon (3/15)

Altars:
Vehumet
Xom


Innate Abilities, Weirdness & Mutations

You reflexively headbutt those who attack you in melee.
You have a pair of horns on your head.


Message History

The gnoll hits you but does no damage. You block the gnoll's attack.
You barely miss the gnoll.
The gnoll hits you from afar with a spear.
* * * LOW HITPOINT WARNING * * *
The gnoll hits you from afar with a spear.
* * * LOW HITPOINT WARNING * * *
The gnoll closely misses you.
There is an open door here.
It was a potion of agility.
You feel agile all of a sudden. You block the gnoll's attack.
The gnoll barely misses you.
It was a potion of flight.
You feel very buoyant.
You fly up into the air.
The gnoll closely misses you. You furiously retaliate!
You headbutt the gnoll! You block the gnoll's attack.
You sock the gnoll!
You kill the gnoll!
You block the gnoll's attack. The gnoll hits you with a spear!
You die...

###.##..# ##.......##
###.#...####.........#
...........'.........+
###.#...####.........#
# #.....# ##.......# #
##.##.# ##.>...## .
... ..# ##...## ####.
### ##'## #@# #g# ###
##g##.>.# ##.o...#...
#........# ##.).##.##
##.## # ... ##.


You could see 2 gnolls and an orc.

Vanquished Creatures
  A crimson imp (D:3)
  An orc priest (D:3)
  Jessica (D:3)
  2 adders (D:2)
  5 gnolls (D:3)
  A worm (D:2)
  3 dart slugs
  5 leopard geckos (D:2)
  5 orcs (D:3)
  7 bats
  3 giant cockroaches
  6 goblins
  6 hobgoblins
  3 jackals (D:3)
  A quokka (D:2)
  4 frilled lizards
  5 kobolds
  9 rats
68 creatures vanquished.

Notes
Turn   | Place    | Note
-------+----------+-------------------------------------------
     0 | D:1      | KoningWillie the Minotaur Fighter began the quest for the Orb.
     0 | D:1      | Reached XP level 1. HP: 19/19 MP: 0/0
   513 | D:1      | Reached XP level 2. HP: 27/27 MP: 1/1
   551 | D:1      | Reached skill level 4 in Shields
   866 | D:2      | Reached XP level 3. HP: 24/33 MP: 2/2
  1314 | D:2      | Found a shimmering altar of Xom.
  1661 | D:2      | Reached XP level 4. HP: 39/40 MP: 3/3
  2000 | D:3      | Found a radiant altar of Vehumet.
  2197 | D:3      | Noticed Jessica
  2208 | D:3      | Killed Jessica
  2397 | D:3      | Reached skill level 1 in Dodging
  2397 | D:3      | Reached XP level 5. HP: 24/46 MP: 4/4
  2398 | D:3      | Reached skill level 5 in Shields
  2860 | D:3      | HP: 2/47 [gnoll/spear (1)]
  2866 | D:3      | Slain by a gnoll

Skill      XL: |  1  2  3  4  5 |
---------------+----------------+-----
Shields        | 4 5 |  5.1
Armour         | 4 |  4.7
Fighting       | 4 |  4.6
Maces & Flails | 3 4 |  4.3
Dodging        | 1 |  1.3
Stealth        | |  0.1

Action                   |  1- 3 |  4- 6 || total
-------------------------+-------+-------++-------
Melee: Flail             |   101 |   105 ||   206
       Headbutt          |    16 |     9 ||    25
  Use: Potion            |       |     2 ||     2
  Eat: Royal jelly       |     1 |       ||     1
       Bread ration      |       |     1 ||     1
       Chunk             |       |     1 ||     1
Armor: Scale mail        |    53 |    57 ||   110
Dodge: Dodged            |    36 |    44 ||    80
Block: Shield            |    58 |    76 ||   134
